 Dungeon Crawl Stone Soup version 0.28.0 (webtiles) character file.

Game seed: 6078937432925783852

199505 iguanaiguana the Black Sun (level 17, -1/132 HPs)
             Began as a Mummy Cinder Acolyte on Feb 12, 2022.
             Was a High Priest of Kikubaaqudgha.
             Slain by a chaos spawn (9 damage)
             ... summoned by Mlioglotl
             ... on level 4 of the Snake Pit on Feb 13, 2022.
             The game lasted 04:04:22 (49460 turns).

iguanaiguana the Black Sun (Mummy Cinder Acolyte)  Turns: 49460, Time: 04:04:23

Health: -1/132     AC: 29    Str: 17    XL:     17   Next: 84%
Magic:  25/29      EV: 10    Int: 25    God:    Kikubaaqudgha [*****.]
Gold:   612        SH:  0    Dex: 18    Spells: 7/32 levels left

rFire   + + +      SeeInvis .   V - +7 flail "Hydrabane" {pain, Fly rElec Will+}
rCold   + + .      Faith    .   E - +2 buckler {AC+3}
rNeg    + + +      Spirit   .   H - +8 storm dragon scales {Bai Suzhen}
rPois   ∞          Reflect  .   D - +0 helmet
rElec   +          Harm     .   k - scarf {rC+ rF+}
rCorr   .          Rampage  +   (no gloves)
Will    +++..                   r - +2 pair of boots "Isatrej" {Str+2}
Stlth   ..........              a - amulet "Etasyppi" {RegenMP Rampage +Inv Regen+ Dex+4}
HPRegen 1.12/turn               e - ring of Urghyuro {rElec rF+++ Str-2 Int-2 Dex+6}
MPRegen 0.61/turn               Z - +6 ring of intelligence

@: confused, death channelling, flying, very slightly contaminated
A: cold resistance 1, negative energy resistance 3, torment resistance 2, heat
vulnerability 1, in touch with death 1, no potions
}: 1/15 runes: serpentine
a: Renounce Religion, Evoke Invisibility, Receive Corpses, Torment


You were on level 4 of the Snake Pit.
You worshipped Kikubaaqudgha.
Kikubaaqudgha was extremely pleased with you.
You visited 4 branches of the dungeon, and saw 27 of its levels.
You also visited: Trove.

You collected 2787 gold pieces.
You spent 2175 gold pieces at shops.

Inventory:

Hand Weapons
 s - the +7 eveningstar of Dividends {distort, Drain rElec Will+ SInv}
   (You acquired it on level 2 of the Snake Pit)

   It warps and distorts space around it, and may blink, banish, or inflict
   extra damage upon those it strikes.
   Unwielding it can cause banishment or high damage.
   rElec:     It insulates you from electricity.
   SInv:      It lets you see invisible.
   Drain:     It drains your maximum health when unequipped.
   Will:      It increases your willpower.
 y - a +3 trident of protection
 V - the +7 flail "Hydrabane" (weapon) {pain, Fly rElec Will+}
   (You bought it in a shop on level 10 of the Dungeon)

   In the hands of one skilled in necromantic magic, it inflicts extra damage on
   living creatures.
   rElec:     It insulates you from electricity.
   Fly:       It grants you flight.
   Will:      It increases your willpower.
Armour
 k - a scarf of resistance (worn)
 r - the +2 pair of boots "Isatrej" (worn) {Str+2}
   (You found it on level 1 of the Lair of Beasts)

   Str:       It affects your strength (+2).
 w - +0 steam dragon scales
 D - a +0 helmet (worn)
 E - a +2 buckler of protection (worn)
 H - +8 storm dragon scales (worn) {Bai Suzhen}
 I - a +0 troll leather armour
 W - a +0 buckler
Magical Staves
 b - a staff of fire
Jewellery
 a - the amulet "Etasyppi" (around neck) {RegenMP Rampage +Inv Regen+ Dex+4}
   (You found it in a treasure trove)

   [amulet of magic regeneration]

   It increases your rate of magic regeneration.
   Dex:       It affects your dexterity (+4).
   +Inv:      It lets you turn invisible.
   Regen:     It increases your rate of health regeneration.
   Rampage:   It bestows one free step when moving towards enemies.
 e - the ring of Urghyuro (left hand) {rElec rF+++ Str-2 Int-2 Dex+6}
   (You found it in a treasure trove)

   [ring of dexterity]

   Str:       It affects your strength (-2).
   Int:       It affects your intelligence (-2).
   Dex:       It affects your dexterity (+6).
   rF:        It renders you almost immune to fire.
   rElec:     It insulates you from electricity.
 h - a +4 ring of protection
 t - the macabre finger necklace {rN+}
   (You took it off a kobold demonologist on level 13 of the Dungeon)

   [amulet of nothing]

   It enables you to equip an extra ring.
   rN:        It protects you from negative energy.
 P - a ring of resist corrosion
 T - a ring of ice
 Y - the ring "Veuj" {rPois rF+ rN+ Str+4 Int+2 Dex-3}
   (You found it on level 11 of the Dungeon)

   [ring of positive energy]

   Str:       It affects your strength (+4).
   Int:       It affects your intelligence (+2).
   Dex:       It affects your dexterity (-3).
   rF:        It protects you from fire.
   rPois:     It protects you from poison.
   rN:        It protects you from negative energy.
 Z - a +6 ring of intelligence (right hand)
Wands
 f - a wand of charming (8)
 g - a wand of paralysis (8)
 o - a wand of iceblast (11) {@v2}
 p - a wand of polymorph (14)
 q - a wand of mindburst (19)
 u - a wand of digging (15) {@v3}
 A - a wand of acid (5) {@v1}
 B - a wand of flame (14)
Scrolls
 c - 2 scrolls of silence
 d - 10 scrolls of teleportation {@r3}
 i - 8 scrolls of immolation
 j - a scroll of fog
 l - 3 scrolls of holy word
 m - a scroll of brand weapon
 n - 7 scrolls of magic mapping {@r5}
 v - 4 scrolls of blinking {@r4}
 x - 13 scrolls of identify {@r1}
 z - 4 scrolls of amnesia
 F - 4 scrolls of vulnerability
 G - a scroll of fear
 R - 3 scrolls of enchant weapon
 X - a scroll of summoning
Miscellaneous
 C - a tin of tremorstones (2/2)


   Skills:
 - Level 11.6 Fighting
 - Level 2.4 Long Blades
 - Level 14.0 Maces & Flails
 - Level 5.0 Throwing
 + Level 8.0 Armour
 - Level 7.3 Dodging
 - Level 8.2 Stealth
 - Level 4.0 Shields
 - Level 8.0 Spellcasting
 * Level 16.4 Necromancy
 - Level 7.0 Fire Magic
 - Level 2.0 Ice Magic
 - Level 4.0 Earth Magic
 - Level 4.3 Evocations


You had 7 spell levels left.
You knew the following spells:

 Your Spells              Type           Power      Damage    Failure   Level
a - Borgnjor's Vile Clut  Necr/Erth      37%        N/A       36%         5
b - Pain                  Necr           100%       1d9       1%          1
c - Vampiric Draining     Necr           95%        2d12      1%          3
d - Death Channel         Necr           47%        N/A       16%         6
e - Animate Dead          Necr           47%        N/A       1%          4
f - Scorch                Fire           90%        2d9       8%          2
g - Dispel Undead         Necr           95%        3d30      1%          4

Your spell library contained the following spells:

 Spells                   Type           Power      Damage    Failure   Level
 Animate Skeleton         Necr           100%       N/A       1%          1
 Excruciating Wounds      Necr           47%        N/A       2%          5
 Corpse Rot               Necr/Air       100%       N/A       4%          2
 Foxfire                  Conj/Fire      100%       2x1d9     21%         1
 Conjure Flame            Conj/Fire      27%        6-21      52%         3
 Inner Flame              Hex/Fire       27%        N/A       52%         3
 Summon Small Mammal      Summ           40%        N/A       65%         1
 Ignite Poison            Fire/Tmut/Pois 21%        N/A       71%         3
 Stone Arrow              Conj/Erth      40%        3d9       75%         3
 Static Discharge         Conj/Air       10%        N/A       78%         2
 Flame Wave               Conj/Fire      27%        2d7       90%         4
 Call Canine Familiar     Summ           10%        N/A       95%         3
 Gell's Gravitas          Tloc           10%        N/A       95%         3
 Lesser Beckoning         Tloc           10%        N/A       95%         3
 Summon Guardian Golem    Hex/Summ       10%        N/A       95%         3
 Teleport Other           Tloc           10%        N/A       95%         3
 Simulacrum               Ice/Necr       35%        N/A       97%         6
 Animate Armour           Summ/Erth      40%        N/A       98%         4
 Petrify                  Tmut/Erth      20%        N/A       98%         4
 Hailstorm                Conj/Ice       15%        3d5       99%         4
 Alistair's Intoxication  Tmut/Pois      6%         N/A       100%        5
 Iskenderun's Battlesphe  Conj           10%        2d6       100%        5
 Lightning Bolt           Conj/Air       5%         1d17      100%        5
 Metabolic Englaciation   Hex/Ice        7%         N/A       100%        5
 Dispersal                Tloc           5%         N/A       100%        6
 Eringya's Noxious Bog    Tmut/Pois      5%         N/A       100%        6
 Iron Shot                Conj/Erth      10%        9d3       100%        6
 Malign Gateway           Summ/Tloc      5%         N/A       100%        7
 Orb of Destruction       Conj           5%         9d5       100%        7
 Spellforged Servitor     Conj/Summ      5%         N/A       100%        7
 Disjunction              Tloc           5%         N/A       100%        8
 Lehudib's Crystal Spear  Conj/Erth      10%        10d4      100%        8
 Maxwell's Capacitive Co  Air            5%         ∞         100%        8
 Summon Horrible Things   Summ           5%         N/A       100%        8
 Fire Storm               Conj/Fire      13%        8d4       100%        9
 Ice Form                 Ice/Tmut       Unusable   N/A       N/A         4
 Statue Form              Tmut/Erth      Unusable   N/A       N/A         6

Dungeon Overview and Level Annotations

Branches:
Dungeon (15/15)            Temple (0/1) D:7            Lair (6/6) D:11
  Swamp (0/4) Lair:4        Snake (4/4) Lair:4        Slime (0/5) Lair:5
    Orc (2/2) D:9             Elf (0/3) Orc:2        Vaults (0/5) D:14
 Depths (0/4) D:15

Altars:
Ashenzari
Cheibriados
Fedhas
Kikubaaqudgha
Qazlal
Xom
Zin
Beogh

Shops:
D:4 *   D:7 [   D:10 (   Orc:2 (*[=(   Snake:2 ([*

Annotations:
D:9 GrayStillPlays's ghost, journeyman VSFi
D:10 exclusion: fire dragon
D:13 1 runed translucent door
Lair:3 Rupert
Snake:1 exclusion: downstairs
Snake:2 exclusion: downstairs
Snake:4 Mlioglotl
Orc:1 3 runed translucent doors, GrayStillPlays's ghost, journeyman DsFi


Innate Abilities, Weirdness & Mutations

You are immune to poison.
Your flesh is cold resistant. (rC+)
You are immune to negative energy. (rN+++)
You are immune to unholy pain and torment.
You are vulnerable to heat. (rF-)
You are in touch with the powers of death.
You do not drink.


Message History

Aim: Mlioglotl (lightly wounded, strong, 100% to hit)
You feel a surge of power!
You miscast Borgnjor's Vile Clutch.
You are very lightly contaminated with residual magic.
You are blasted with sand.
The thrashing horror tramples you but does no damage.
You block the thrashing horror's attack.
The worldbinder barely misses you. The worldbinder misses you.
Mlioglotl hits you! Mlioglotl tramples you!!
You hold your ground!
The tarantella touches you but does no damage.
The worldbinder closely misses you. You block the worldbinder's attack.
The chaos spawn hits you but does no damage.
The tarantella touches you!
* * * LOW HITPOINT WARNING * * *
You are confused.
Mlioglotl hits you.
* * * LOW HITPOINT WARNING * * *
Mlioglotl tramples you but does no damage.
You are too confused!
Unknown command.
You are too confused!
Unknown command.
You bump into the stone wall.
The tarantella disappears in a puff of smoke!
The thrashing horror misses you. The thrashing horror tramples you.
* * * LOW HITPOINT WARNING * * *
You hold your ground!
The worldbinder hits you but does no damage. x2
Mlioglotl hits you!
* * * LOW HITPOINT WARNING * * *
Mlioglotl tramples you!
* * * LOW HITPOINT WARNING * * *
You are shoved backwards!
The thrashing horror closely misses you.
The thrashing horror tramples you.
* * * LOW HITPOINT WARNING * * *
You hold your ground!
The chaos spawn gores you.
* * * LOW HITPOINT WARNING * * *
Space warps horribly around you!
You die...
Kikubaaqudgha rasps: "You have failed me!
Welcome... oblivion!"

#............##.ZZZ.
#...........##.ZZ##.
#..........##..Z##..
#.........##...##)).
#...##...##..=##).).
##)...#..##...)))....
#.....#.##.....))....
#......##.....##...). #
##..4@x##...##..##....
..###...XX##...##....##...
.........)#...##......##..
.......)#)').##........##.
.......)#)'))##........##.
.......)..#)).##..)...##..
...####)..##..)##.Z..##...
### #....##.#Z##Z.##....
#.....##).#.Z##.....


You could see Mlioglotl (strong), a thrashing horror (summoned), a worldbinder
(summoned) and a chaos spawn (summoned).

Vanquished Creatures
  Bai Suzhen (Snake:4)
  Agnes (Snake:1)
  4 nagarajas
  Louise (Snake:1)
  An orc warlord (D:9)
  A dire elephant (Lair:2)
  Josephine (D:13)
  2 naga warriors
  4 vault guards (D:14)
  2 salamander tyrants
  5 boulder beetles
  A catoblepas (D:15)
  2 ogre magi
  8 hydras
  2 centaur warriors
  11 anacondas
  10 two-headed ogres
  11 death yaks
  4 tengu warriors
  A vampire mage (D:15)
  2 shock serpents (Snake:2)
  4 naga sharpshooters
  4 orc high priests
  A fire crab (Lair:2)
  2 deep elf knights (D:14)
  A hell knight (D:11)
  2 salamander mystics (Snake:3)
  A skeletal warrior (D:15)
  A flayed ghost (D:11)
  5 naga ritualists
  6 orc knights
  Pikel (D:4)
  2 lindwurms
  A necromancer (D:15)
  3 deep elf pyromancers
  3 mana vipers
  14 ugly things
  5 orc sorcerers
  4 manticores
  8 cyclopes
  A black mamba (shapeshifter) (D:15)
  14 salamanders
  Maurice (D:11)
  2 guardian serpents (Snake:4)
  12 elephants
  29 black mambas
  7 naga magi
  A gargoyle (D:10)
  12 cane toads
  A rime drake (Lair:2)
  A spriggan zombie (D:15)
  An unseen horror (D:12)
  9 komodo dragons
  A yaktaur (D:14)
  2 kobold demonologists
  2 tengu conjurers
  9 trolls
  5 polar bears
  6 hornets
  4 blink frogs
  Grinder (D:4)
  An ettin zombie (D:15)
  6 dream sheep (Lair:5)
  9 slime creatures
  11 spriggans
  A vampire (D:11)
  7 wraiths
  A centaur simulacrum (D:11)
  4 wyverns
  6 basilisks
  39 yaks
  3 shadows
  16 fire elementals
  2 basilisks (shapeshifter)
  4 steam dragons
  5 vampire mosquitoes
  5 wargs
  21 nagas
  3 acid dragons
  10 water moccasins
  2 ice beasts (D:5)
  34 orc warriors
  3 sky beasts
  6 black bears
  4 necrophages
  9 ogres
  10 boggarts
  22 wolves
  16 centaurs
  2 phantoms (D:6)
  4 lemures (D:4)
  11 bullfrogs
  A kobold brigand (D:11)
  A gnoll sergeant (D:6)
  3 scorpions
  A water moccasin skeleton (D:6)
  2 wyvern skeletons (D:7)
  19 killer bees
  3 wights
  4 electric eels
  2 howler monkeys
  A bullfrog zombie (D:7)
  5 centaur zombies
  A centaur skeleton (D:6)
  7 hounds
  13 jellies (Lair:5)
  Crazy Yiuf (D:4)
  15 orc priests
  A bullfrog skeleton (D:5)
  3 gnoll shamans
  Jessica (D:3)
  An iguana (D:7)
  25 orc wizards
  3 hell rats (Lair:2)
  2 hound skeletons (D:4)
  4 adders
  11 gnolls
  2 shadow imps
  2 ufetubi (D:5)
  An adder skeleton (D:4)
  4 worms
  A dart slug (D:2)
  69 orcs
  9 ball pythons
  4 bats
  10 endoplasms
  2 giant cockroaches
  11 goblins
  7 hobgoblins
  3 jackals (D:3)
  3 quokkas
  4 frilled lizards
  10 kobolds
  5 rats
818 creatures vanquished.

Vanquished Creatures (collateral kills)
  Vashnia (Snake:4)
  3 nagarajas (Snake:4)
  Aizul (Snake:1)
  2 naga warriors
  2 ogre magi (D:15)
  A vault guard (D:14)
  A salamander tyrant (Snake:4)
  4 anacondas
  4 two-headed ogres (D:15)
  7 naga sharpshooters
  2 shock serpents
  4 salamander mystics
  7 naga ritualists
  4 ugly things (D:15)
  5 mana vipers
  11 salamanders
  A stone giant skeleton (D:15)
  28 black mambas
  11 naga magi
  2 guardian serpents (Snake:4)
  A tengu conjurer (D:15)
  A fire elemental (D:14)
  27 nagas
  4 ogres (D:15)
  A centaur (D:15)
135 creatures vanquished.

Vanquished Creatures (others)
  2 ugly things (D:14)
  A naga mage (Snake:4)
  118 foxfires
  91 fungi
  59 plants
  2 starspawn tentacles (Snake:4)
  9 withered plants
282 creatures vanquished.

Grand Total: 1235 creatures vanquished

Notes
Turn   | Place    | Note
-------+----------+-------------------------------------------
     0 | D:1      | iguanaiguana the Mummy Cinder Acolyte began the quest for
                  | the Orb.
     0 | D:1      | Reached XP level 1. HP: 18/18 MP: 2/2
   338 | D:1      | Reached XP level 2. HP: 24/24 MP: 5/5
   827 | D:1      | Learned a level 2 spell: Scorch
  1053 | D:1      | Found a faded altar of an unknown god.
  1614 | D:2      | Reached XP level 3. HP: 26/29 MP: 3/6
  1898 | D:2      | Found an ancient bone altar of Kikubaaqudgha.
  3080 | D:3      | Reached XP level 4. HP: 37/37 MP: 5/8
  3110 | D:3      | Noticed Jessica
  3128 | D:3      | Killed Jessica
  3660 | D:3      | Reached skill level 1 in Armour
  3802 | D:3      | Found a stormy altar of Qazlal.
  3868 | D:3      | Reached XP level 5. HP: 42/42 MP: 5/10
  3940 | D:3      | Found a snail-covered altar of Cheibriados.
  3962 | D:3      | Reached skill level 1 in Throwing
  4313 | D:3      | Reached XP level 6. HP: 47/48 MP: 6/11
  4908 | D:4      | Noticed Grinder
  5004 | D:5      | Entered Level 5 of the Dungeon
  5323 | D:5      | Noticed an ice beast
  5331 | D:5      | Killed an ice beast
  5332 | D:5      | Reached skill level 5 in Fire Magic
  5332 | D:5      | Reached XP level 7. HP: 54/54 MP: 5/12
  5789 | D:5      | Reached skill level 1 in Necromancy
  6127 | D:5      | Reached skill level 1 in Maces & Flails
  6685 | D:6      | Reached XP level 8. HP: 60/60 MP: 2/13
  7120 | D:6      | Reached skill level 2 in Necromancy
  7577 | D:6      | Reached skill level 3 in Necromancy
  7652 | D:5      | HP: 2/60 [scorpion (5)]
  7654 | D:5      | Reached skill level 5 in Maces & Flails
  7783 | D:5      | HP: 3/60 [orc warrior (14)]
  8164 | D:6      | You fall into a shaft and drop 2 floors!
  8211 | D:8      | Reached skill level 4 in Necromancy
  8231 | D:8      | Reached XP level 9. HP: 46/65 MP: 2/14
  8317 | D:7      | Found Fupumnonuli's Antique Armour Boutique.
  8691 | D:6      | Noticed a two-headed ogre
  8865 | D:7      | Reached skill level 1 in Dodging
  8882 | D:7      | Found a staircase to the Ecumenical Temple.
  8887 | D:7      | Noticed a brown ugly thing
  8903 | D:7      | Killed a brown ugly thing
  9810 | D:8      | Noticed a komodo dragon
  9817 | D:8      | Killed a komodo dragon
 10654 | D:4      | Killed Grinder
 11307 | D:4      | Reached XP level 10. HP: 68/73 MP: 9/15
 11661 | D:4      | Noticed Pikel
 11668 | D:4      | Killed Pikel
 11669 | D:4      | Reached skill level 5 in Necromancy
 11801 | D:4      | Found Bepigur's Assorted Antiques.
 11908 | D:4      | Found a runed translucent door.
 11909 | D:4      | Noticed Crazy Yiuf
 12018 | D:4      | Killed Crazy Yiuf
 12495 | D:6      | Reached skill level 5 in Fighting
 13914 | D:9      | Reached skill level 6 in Necromancy
 14111 | D:9      | Found a staircase to the Orcish Mines.
 14665 | D:10     | Entered Level 10 of the Dungeon
 14665 | D:10     | Found Wuduck's Weapon Boutique.
 14851 | D:10     | Reached XP level 11. HP: 72/80 MP: 2/16
 15343 | D:10     | Reached skill level 7 in Necromancy
 15693 | D:10     | Noticed a fire dragon
 15879 | D:11     | Noticed a boulder beetle
 15894 | D:11     | Killed a boulder beetle
 16405 | D:11     | Identified the +7 chain mail of Eternal Night {+Blink}
 16786 | Orc:1    | Entered Level 1 of the Orcish Mines
 16787 | Orc:1    | Noticed a two-headed ogre
 16947 | D:10     | Reached skill level 8 in Necromancy
 17322 | D:11     | Found a staircase to the Lair.
 17596 | D:11     | Reached skill level 9 in Necromancy
 17678 | Lair:1   | Entered Level 1 of the Lair of Beasts
 17754 | Lair:1   | Identified the +2 pair of boots "Isatrej" {Str+2}
 18113 | D:6      | Killed a two-headed ogre
 18114 | D:6      | Reached skill level 10 in Necromancy
 18690 | Lair:2   | Reached XP level 12. HP: 86/86 MP: 12/17
 18763 | Lair:2   | Noticed a boulder beetle
 18770 | Lair:2   | Killed a boulder beetle
 18771 | Lair:2   | Reached skill level 10 in Maces & Flails
 19162 | Lair:2   | Noticed a boulder beetle
 19183 | Lair:2   | Killed a boulder beetle
 19637 | Lair:2   | Noticed a six-headed hydra
 19652 | Lair:2   | Killed a six-headed hydra
 20361 | Lair:2   | Noticed a dire elephant
 20912 | Lair:2   | Killed a dire elephant
 21612 | Lair:3   | Noticed Rupert
 22020 | Lair:3   | Noticed a four-headed hydra
 22421 | Lair:3   | Killed a four-headed hydra
 22643 | Lair:4   | Found a staircase to the Swamp.
 22664 | Lair:4   | Gained mutation: You are in touch with the powers of death.
                  | [Mummy growth]
 22664 | Lair:4   | Reached XP level 13. HP: 91/91 MP: 11/18
 23164 | Lair:4   | Reached skill level 5 in Throwing
 23678 | Lair:2   | Reached skill level 5 in Stealth
 24237 | Lair:4   | Found a staircase to the Snake Pit.
 24766 | Lair:4   | Reached skill level 5 in Spellcasting
 25144 | Lair:4   | Reached skill level 1 in Evocations
 26439 | D:10     | Bought the +7 flail "Hydrabane" {pain, Fly rElec Will+} for
                  | 981 gold pieces
 26571 | Lair:5   | Found a staircase to the Slime Pits.
 27674 | Lair:5   | Found a staircase to the Slime Pits.
 28003 | Lair:6   | Entered Level 6 of the Lair of Beasts
 28130 | Lair:5   | Reached XP level 14. HP: 99/99 MP: 23/23
 28419 | Lair:5   | Reached skill level 1 in Shields
 28896 | Lair:5   | Found a staircase to the Slime Pits.
 30437 | Orc:2    | Entered Level 2 of the Orcish Mines
 30779 | Orc:2    | Found Syqiuf's Antique Weapon Emporium.
 30793 | Orc:2    | Found Putsaynu's Jewellery Shop.
 31591 | Orc:2    | Noticed an orc warlord
 32258 | D:11     | Identified the ring "Veuj" {rPois rF+ rN+ Str+4 Int+2
                  | Dex-3}
 32322 | D:11     | Noticed Maurice
 32328 | D:11     | Killed Maurice
 32332 | D:11     | Identified the +2 quarterstaff of Exoneration {venom, Int+2
                  | Dex+2}
 32407 | D:11     | Reached skill level 1 in Ice Magic
 32582 | D:9      | Killed an orc warlord
 33248 | Orc:1    | Fell from the grace of Ignis
 33424 | D:2      | Became a worshipper of Kikubaaqudgha
 34050 | Orc:2    | Found Orrousm's Antique Armour Shoppe.
 34304 | Orc:2    | Found a shimmering altar of Xom.
 34328 | Orc:2    | Reached skill level 5 in Armour
 34364 | Orc:2    | Found a runed translucent door.
 34383 | Orc:2    | Noticed GrayStillPlays's ghost (journeyman VSFi)
 34844 | Orc:2    | Found Ese Fuc's Antique Weapon Shoppe.
 34864 | Orc:2    | Found Amonogur's General Store.
 34897 | Orc:2    | Found a staircase to the Elven Halls.
 35821 | Orc:1    | Found a runed translucent gate.
 35821 | Orc:1    | Noticed GrayStillPlays's ghost (journeyman DsFi)
 35822 | Orc:1    | Found a runed translucent gate.
 35823 | Orc:1    | Found a runed translucent gate.
 35823 | Orc:1    | Identified the +5 kite shield of Puibre Wuvoa {rElec Str+4
                  | Int+2}
 35823 | Orc:1    | Noticed an orc warlord
 35955 | Orc:2    | Reached skill level 11 in Necromancy
 36200 | Orc:1    | Reached * piety under Kikubaaqudgha
 36200 | Orc:1    | Received a gift from Kikubaaqudgha
 36211 | Orc:2    | Learned a level 1 spell: Pain
 36215 | Orc:2    | Learned a level 3 spell: Vampiric Draining
 36665 | D:7      | Bought the +3 warlock's mirror {reflect} for 1160 gold
                  | pieces
 36665 | D:7      | Found the +3 warlock's mirror {reflect}
 37005 | D:12     | Reached XP level 15. HP: 64/108 MP: 25/25
 37625 | D:12     | Reached ** piety under Kikubaaqudgha
 37626 | D:12     | Reached skill level 5 in Dodging
 38939 | D:13     | Noticed a fire giant
 38945 | D:13     | Noticed Josephine
 38950 | D:13     | Killed Josephine
 39046 | D:13     | Found a runed translucent door.
 39052 | D:13     | Identified the +9 rapier "Geycwaa" {vorpal, rCorr}
 39197 | D:13     | Found an ancient bone altar of Kikubaaqudgha.
 39931 | D:14     | Found a blossoming altar of Fedhas.
 41208 | D:13     | Reached *** piety under Kikubaaqudgha
 41208 | D:13     | Received a gift from Kikubaaqudgha
 41226 | D:13     | Learned a level 6 spell: Death Channel
 41231 | D:13     | Learned a level 4 spell: Animate Dead
 41237 | D:13     | Learned a level 5 spell: Borgnjor's Vile Clutch
 41911 | D:14     | Reached skill level 1 in Earth Magic
 42269 | D:14     | Reached skill level 12 in Necromancy
 42352 | D:14     | Found a gate to the Vaults.
 42865 | D:15     | Entered Level 15 of the Dungeon
 42865 | D:15     | Found a broken altar of Ashenzari.
 43029 | D:15     | Reached **** piety under Kikubaaqudgha
 43410 | D:15     | Reached skill level 13 in Necromancy
 43445 | D:15     | Was forgiven by Ignis
 44090 | D:15     | Found a staircase to the Depths.
 44328 | D:15     | Reached XP level 16. HP: 106/116 MP: 12/28
 44581 | D:15     | Reached skill level 14 in Necromancy
 44793 | D:15     | Found a portal to a secret trove of treasure.
 45153 | D:15     | You paid a toll of warlock's mirror to enter a treasure
                  | trove
 45154 | Trove    | Entered a treasure trove
 45175 | Trove    | Got the Papyrus of the Creative Volcanoes
 45179 | Trove    | Got Sif Muna's Papyrus of Black Secrets
 45191 | Trove    | Identified the amulet "Etasyppi" {RegenMP Rampage +Inv
                  | Regen+ Dex+4}
 45193 | Trove    | Identified the ring of Urghyuro {rElec rF+++ Str-2 Int-2
                  | Dex+6}
 45458 | Snake:1  | Entered Level 1 of the Snake Pit
 45465 | Snake:1  | You are sucked into a shaft and drop 1 floor!
 45527 | Snake:1  | Noticed Louise
 45542 | Snake:1  | Killed Louise
 45594 | Snake:1  | Noticed Aizul
 45608 | Snake:1  | Killed Aizul
 45704 | Snake:1  | Reached ***** piety under Kikubaaqudgha
 45793 | Snake:1  | Learned a level 4 spell: Dispel Undead
 46016 | Snake:2  | Found Erukef's Weapon Emporium.
 46303 | Snake:2  | Found Leolop's Antique Armour Boutique.
 46343 | Snake:2  | Found Egel's Assorted Antiques.
 46359 | Snake:2  | Bought a scroll labelled SEKHLA NOPHUG for 34 gold pieces
 46360 | Snake:2  | Acquired the +7 eveningstar of Dividends {distort, Drain
                  | rElec Will+ SInv}
 46456 | Snake:2  | Reached skill level 15 in Necromancy
 47371 | Snake:1  | Noticed Agnes
 47378 | Snake:1  | Killed Agnes
 47994 | Snake:3  | Reached skill level 10 in Fighting
 48026 | Snake:3  | Identified the ring "Wisabemu" {Fire rCorr Dex+4}
 48054 | Snake:3  | Reached XP level 17. HP: 128/128 MP: 11/29
 48588 | Snake:4  | Entered Level 4 of the Snake Pit
 48766 | Snake:4  | Noticed Vashnia
 48791 | Snake:4  | Killed Vashnia
 48860 | Snake:4  | Reached skill level 16 in Necromancy
 48963 | Snake:4  | Got a serpentine rune of Zot
 49029 | Snake:4  | Noticed Mlioglotl
 49210 | Snake:4  | Noticed Bai Suzhen
 49245 | Snake:4  | Killed Bai Suzhen
 49372 | Snake:4  | Identified the +0 pair of boots "Vommicimu" {Harm rPois
                  | Int-3 SInv}
 49460 | Snake:4  | Slain by a chaos spawn

Illustrated notes

Levels and vault maps discovered:
D:1:      minmay_arrival_up_and_down, layout_loops_ring,
          dreamdust_ecumenical_altar_grove, grunt_decor_resistance
D:2:      minmay_general_purpose_star, layout_loops_corners, basic_altar,
          kennysheep_minor_cross
D:3:      layout_rooms, mainiacjoe_overflow_swirl, serial_glass,
          glass_columns_b, glass_columns_a, small_statue_intersection,
          uniq_jessica
D:4:      layout_loops_ring, serial_shops, nicolae_shop_hallway_stairs,
          uniq_grinder, uniq_pikel, uniq_crazy_yiuf_cottage
D:5:      layout_basic
D:6:      minmay_razor_zed, layout_loops_corners, minmay_diced_spiral
D:7:      layout_loops_ring, minmay_temple_entry_ruins, nicolae_take_the_stairs
D:8:      layout_loops_ring
D:9:      layout_basic, david_orc_4
D:10:     dragon1_lemuel, layout_basic, nicolae_stop_n_shop_1
D:11:     minmay_mutant_horseshoe, layout_basic, erik_lair_island, uniq_maurice
D:12:     layout_loops_corners
D:13:     layout_basic, amcnicky_mini_rare_corridor_liquid, minmay_st_funbox,
          kennysheep_flooded_box, eino_tiny_chamber, chequers_jeans,
          kiku_gazebo_garden_becter, uniq_josephine
D:14:     layout_stronghold, grunt_vaults_entry_fortified, fedhas_altar_2,
          chequers_garden
D:15:     gammafunk_depths_entry_grave, layout_loops_ring, enter_trove_3,
          cheibrodos_ashenzari_chains
Lair:1:   layout_big_grid
Lair:2:   layout_small_grid, nicolae_lair_lil_pond, nicolae_lair_lakeside_cave
Lair:3:   layout_long_grid, lemuel_fruit_tree, uniq_rupert
Lair:4:   layout_gridlike, swamp_mist, guppyfry_snake_entry_garden,
          serial_bayou_shore_a
Lair:5:   layout_long_grid, minmay_slime_entry_jelly_boxes, serial_bayou_shore_b
Lair:6:   minmay_lair_end_enchanted_forest, layout_long_grid, basic_altar,
          infiniplex_staircase_pool_2, grunt_megastairs_4
Snake:1:  layout_misc_corridors, special_room, uniq_aizul, uniq_agnes,
          uniq_louise
Snake:2:  layout_layer_cave, serial_shops, nicolae_shop_statue_plus,
          nicolae_large_snake_swirl, minmay_shoptagon
Snake:3:  layout_misc_corridors
Snake:4:  johnstein_snake_rune_scales, layout_cave_town,
          nicolae_snake_coiling_death, uniq_vashnia, uniq_mlioglotl,
          uniq_bai_suzhen
Orc:1:    layout_caves, biasface_ghost_orc_armoury, nicolae_orc_lost_temple
Orc:2:    grunt_orc_gardens, layout_diamond_mine, grunt_orc_garden,
          grunt_orc_garden, grunt_orc_garden, grunt_orc_garden,
          gammafunk_ghost_grave, basic_altar, serial_shops, shop

Skill      XL: |  1  2  3  4  5  6  7  8  9 10 11 12 13 14 15 16 17 |
---------------+----------------------------------------------------+-----
Spellcasting   | 2 3 6 8 |  8.0
Fighting       | 4 5 7 10 11 | 11.6
Armour         | 1 2 5 6 7 8 |  8.0
Throwing       | 2 3 5 |  5.0
Fire Magic     | 3 5 6 7 |  7.0
Necromancy     | 1 4 6 10 11 13 15 16 | 16.4
Maces & Flails | 2 5 6 8 9 12 13 14 | 14.0
Dodging        | 4 5 6 7 |  7.3
Stealth        | 4 6 7 8 |  8.2
Evocations     | 3 4 |  4.3
Shields        | 4 |  4.0
Ice Magic      | 2 |  2.0
Earth Magic    | 4 |  4.0
Long Blades    | |  2.4

Action                   |  1- 3 |  4- 6 |  7- 9 | 10-12 | 13-15 | 16-18 || total
-------------------------+-------+-------+-------+-------+-------+-------++-------
Melee: Falchion          |    99 |    43 |    39 |       |       |       ||   181
       Morningstar       |    13 |       |       |       |       |       ||    13
       Whip              |       |       |    59 |   453 |    16 |       ||   528
       Punch             |       |       |     1 |     5 |     2 |       ||     8
       Trident           |       |       |     5 |     3 |       |       ||     8
       Staff             |       |       |     3 |    13 |     1 |       ||    17
       Flail             |       |       |       |       |  1355 |   293 ||  1648
 Fire: Hunting sling     |       |       |     1 |     5 |     5 |       ||    11
Throw: Dart              |     2 |     5 |    21 |    46 |    60 |       ||   134
       Stone             |       |     1 |     1 |     6 |    20 |       ||    28
       Throwing net      |       |       |       |     1 |       |       ||     1
 Cast: Scorch            |    22 |    59 |   138 |   394 |   238 |       ||   851
       Vampiric Draining |       |       |       |       |    31 |       ||    31
       Pain              |       |       |       |       |    16 |     1 ||    17
       Borgnjor's Vile C |       |       |       |       |    20 |   108 ||   128
       Death Channel     |       |       |       |       |    18 |    42 ||    60
       Animate Dead      |       |       |       |       |     7 |    24 ||    31
Invok: Foxfire Swarm     |       |       |     5 |     1 |     1 |       ||     7
       Fiery Armour      |       |       |     1 |     1 |       |       ||     2
       Rising Flame      |       |       |       |     1 |       |       ||     1
       Renounce Religion |       |       |       |       |     1 |       ||     1
       Receive Corpses   |       |       |       |       |     1 |     3 ||     4
       Torment           |       |       |       |       |       |     6 ||     6
Evoke: Wand              |       |       |       |    21 |    48 |     6 ||    75
  Use: Scroll            |       |       |     9 |     9 |     5 |     8 ||    31
 Stab: Held in net/web   |       |       |       |     1 |       |       ||     1
       Sleeping          |       |       |       |       |     9 |     3 ||    12
       Paralysed         |       |       |       |       |     5 |       ||     5
       Distracted        |       |       |       |       |     1 |     4 ||     5
Armor: Robe              |    10 |       |       |       |       |       ||    10
       Ring mail         |    29 |    14 |    17 |       |       |       ||    60
       Steam dragon scal |       |       |    48 |    21 |       |       ||    69
       Troll leather arm |       |       |       |   224 |   248 |    87 ||   559
       Chain mail        |       |       |       |     7 |   255 |       ||   262
       Storm dragon scal |       |       |       |       |       |    56 ||    56
Dodge: Dodged            |    80 |    39 |   106 |   417 |   887 |   216 ||  1745
Block: Buckler           |       |       |       |       |   441 |   144 ||   585
       Reflection        |       |       |       |       |    21 |       ||    21
